 Dungeon Crawl Stone Soup version 0.31.0-11-ge490571c62 (webtiles) character file.

Game seed: 2387476170130822723

2190 Gadfly the Trooper (level 9, -5/69 HPs)
             Began as a Demonspawn Monk on Feb 2, 2024.
             Was an Initiate of Ru.
             Killed from afar by Maggie (25 damage)
             ... with a bolt of fire
             ... on level 8 of the Dungeon.
             The game lasted 00:11:24 (8443 turns).

Gadfly the Trooper (Demonspawn Monk)                Turns: 8443, Time: 00:11:25

Health: -5/69      AC:  6    Str: 20    XL:     9   Next: 12%
Magic:  18/18      EV: 15    Int: 11    God:    Ru [......]
Gold:   460        SH:  5    Dex: 19    Spells: 6/8 levels left

rFire   . .          .
                       - Unarmed
rCold   . . .        (no shield)
rNeg    . . .        a - +1 robe
rPois   .            (helmet unavailable)
rElec   .            h - +0 cloak
rCorr   .            w - +0 pair of gloves
SInv    +            k - +0 pair of boots
Will    .....        n - amulet of reflection
Stlth   ++           t - ring "Owoggaem" {MP+9 Str+4 Dex+4}
HPRegen 0.31/turn    (no ring)
MPRegen 0.16/turn

%: reflection
@: mesmerised
A: antennae 3, foul stench 2, powered by pain 1, sturdy frame 2
a: Renounce Religion


You were on level 8 of the Dungeon.
You worshipped Ru.
Ru was noncommittal.
You visited 1 branch of the dungeon, and saw 8 of its levels.

You collected 460 gold pieces.

Inventory:

Hand Weapons
 b - a +2 dagger of venom
Armour
 a - a +1 robe (worn)
 c - an orb of light
 h - a +0 cloak (worn)
 k - a +0 pair of boots (worn)
 w - a +0 pair of gloves (worn)
Jewellery
 n - an amulet of reflection (around neck)
 p - a ring of fire
 t - the ring "Owoggaem" (left hand) {MP+9 Str+4 Dex+4}
   (You found it on level 2 of the Dungeon)

   [ring of magical power]

   Str+4:     It affects your strength (+4).
   Dex+4:     It affects your dexterity (+4).
   MP+9:      It affects your magic capacity (+9).
Talismans
 d - a serpent talisman
 m - a blade talisman
Wands
 g - a wand of roots (14) (quivered)
Scrolls
 f - 4 scrolls of enchant weapon
 j - 2 scrolls of blinking
 r - 2 scrolls of poison
 v - 2 scrolls of teleportation
 A - a scroll of fog
Potions
 e - a potion of berserk rage
 i - 3 potions of curing
 l - 2 potions of lignification
 o - 2 potions of cancellation
 q - a potion of heal wounds
 s - a potion of mutation
 u - a potion of ambrosia


   Skills:
 * Level 6.1 Fighting
 + Level 5.3 Dodging
 - Level 5.1 Unarmed Combat
 - Level 4.3 Evocations
 * Level 5.6 Shapeshifting


You had 6 spell levels left.
You knew the following spells:

 Your Spells              Type           Power      Damage    Failure   Level
a - Blink                 Tloc           0%         N/A       47%         2

Your spell library contained the following spells:

 Spells                   Type           Power      Damage    Failure   Level
 Apportation              Tloc           0%         N/A       34%         1
 Magic Dart               Conj           0%         1d3       34%         1
 Call Imp                 Summ           0%         N/A       47%         2
 Jinxbite                 Hex            0%         N/A       47%         2
 Tukima's Dance           Hex            0%         N/A       71%         3
 Dimensional Bullseye     Hex/Tloc       0%         N/A       98%         4
 Iskenderun's Mystic Bla  Conj/Tloc      0%         2d3       98%         4
 Alistair's Intoxication  Alch           0%         N/A       100%        5


Dungeon Overview and Level Annotations

Branches:
Dungeon (8/15)             Temple (0/1) D:7
   Lair: D:8-11

Altars:
Ashenzari
Ru
Uskayaw
Wu Jian

Annotations:
D:3 1 runed translucent door, EvilDarkOverLord's ghost, amateur OnFE
D:8 Maggie


Innate Abilities, Weirdness & Mutations

You have a pair of large antennae on your head. (SInv)
You sometimes emit foul miasma when damaged in melee.
You sometimes gain a little power by taking damage.
Your movements are less encumbered by armour. (ER -4)


Message History

Maggie is lightly wounded.
You block Maggie's attack.
You closely miss Maggie.
Maggie is moderately wounded.
Maggie casts a spell.
Maggie draws you further into her thrall.
You hit Maggie.
Maggie looks as sick as possible!
Maggie is moderately wounded.
Maggie completely misses you.
You hit Maggie but do no damage.
Maggie looks as sick as possible!
Maggie is moderately wounded.
Maggie mumbles some strange words.
Maggie draws you further into her thrall.
You hit Maggie. Your punch misses Maggie.
Maggie is moderately wounded.
You block Maggie's attack.
You closely miss Maggie.
Maggie is heavily wounded.
Maggie hits you with a +0 war axe!
* * * LOW HITPOINT WARNING * * *
Your +2 dagger of venom stops dripping with poison.
You are now empty-handed.
You hit Maggie.
Maggie is heavily wounded.
Maggie closely misses you.
You barely miss Maggie.
Maggie is heavily wounded.
Maggie gestures at you while chanting. The bolt of fire misses you.
You closely miss Maggie. You punch Maggie, but do no damage.
Maggie is heavily wounded.
You block Maggie's attack.
You barely miss Maggie.
Maggie is heavily wounded.
Maggie barely misses you.
You hit Maggie but do no damage. You punch Maggie, but do no damage.
Maggie is heavily wounded.
Maggie gestures at you while chanting. The bolt of fire hits you!!
You die...

### # ##.##
#.####.#.## ### .
#...#.###.######.##
.., #..##
##..<...#.##
#..####
#.#.###.####.###.#
.....
#.##.#.####.## ##.
#... #@###.## #.##
## ##.#.###@# #.#
##.## ##.
##.......†###.#
##.###.#
#.............#
##.#.##
#.....#########
##.## #..... #.#
...!... #.# ##.....
#.# ....... #.#


You could see Maggie (mesmerising, extremely poisoned).

Vanquished Creatures
  Maurice (D:7)
  A steam dragon (D:8)
  An orc warrior (D:5)
  2 black bears
  An ogre (D:6)
  A phantom (D:7)
  3 bullfrogs
  A gnoll sergeant (D:4)
  A scorpion (D:5)
  2 howler monkeys (D:7)
  3 bombardier beetles
  2 jellies
  2 orc priests
  5 hounds
  2 iguanas
  6 orc wizards
  11 gnolls
  10 adders
  2 white imps
  A dart slug (D:3)
  2 ribbon worms
  24 orcs
  8 bats
  4 endoplasms
  4 giant cockroaches
  5 goblins
  10 hobgoblins
  5 kobolds
  6 ball pythons
  4 frilled lizards
  6 rats
136 creatures vanquished.

Notes
Turn   | Place    | Note
-------+----------+-------------------------------------------
     0 | D:1      | Gadfly the Demonspawn Monk began the quest for the Orb.
     0 | D:1      | Reached XP level 1. HP: 18/18 MP: 1/1
   355 | D:1      | Gained mutation: You may rarely emit foul miasma when
                  | damaged in melee. [demonic ancestry]
   355 | D:1      | Reached XP level 2. HP: 23/24 MP: 2/2
   988 | D:2      | Reached skill level 1 in Evocations
  1018 | D:2      | Reached skill level 1 in Shapeshifting
  1018 | D:2      | Gained mutation: You have a pair of small antennae on your
                  | head. [demonic ancestry]
  1018 | D:2      | Reached XP level 3. HP: 27/29 MP: 3/3
  1037 | D:2      | Identified the ring "Owoggaem" {MP+9 Str+4 Dex+4}
  1477 | D:2      | Gained mutation: Your movements are slightly less
                  | encumbered by armour. (ER -2) [demonic ancestry]
  1477 | D:2      | Reached XP level 4. HP: 28/35 MP: 4/4
  2289 | D:3      | Gained mutation: Your movements are less encumbered by
                  | armour. (ER -4) [demonic ancestry]
  2289 | D:3      | Reached XP level 5. HP: 41/41 MP: 5/5
  2301 | D:3      | Found a runed translucent door.
  2301 | D:3      | Noticed EvilDarkOverLord's ghost (amateur OnFE)
  3420 | D:4      | Gained mutation: You have a pair of antennae on your head.
                  | [demonic ancestry]
  3420 | D:4      | Reached XP level 6. HP: 21/47 MP: 6/6
  3770 | D:5      | Entered Level 5 of the Dungeon
  4712 | D:5      | Found an ornate altar of the Wu Jian Council.
  4774 | D:5      | Gained mutation: You sometimes gain a little power by
                  | taking damage. [demonic ancestry]
  4774 | D:5      | Reached XP level 7. HP: 13/52 MP: 7/7
  4789 | D:5      | HP: 1/52 [poisoned by an orc]
  5302 | D:5      | Reached skill level 5 in Unarmed Combat
  5831 | D:6      | Gained mutation: You have a pair of large antennae on your
                  | head. (SInv) [demonic ancestry]
  5831 | D:6      | Reached XP level 8. HP: 46/59 MP: 8/8
  5984 | D:6      | Found a sacrificial altar of Ru.
  5987 | D:6      | Found a hide-covered altar of Uskayaw.
  5987 | D:6      | Found a broken altar of Ashenzari.
  5992 | D:6      | Became a worshipper of Ru the Awakened
  6168 | D:6      | Reached skill level 4 in Fighting
  6675 | D:7      | Noticed Maurice
  6678 | D:7      | Maurice stole a ring of fire
  6909 | D:7      | Maurice stole a blade talisman
  6910 | D:7      | Maurice stole an orb of light
  7195 | D:7      | Maurice stole 141 gold
  7348 | D:7      | Maurice stole 165 gold
  7350 | D:7      | Maurice stole 65 gold
  7354 | D:7      | Killed Maurice
  7355 | D:7      | Reached skill level 5 in Fighting
  7355 | D:7      | Reached skill level 5 in Dodging
  7355 | D:7      | Reached skill level 5 in Shapeshifting
  7572 | D:7      | Found a staircase to the Ecumenical Temple.
  7863 | D:7      | Gained mutation: You sometimes emit foul miasma when
                  | damaged in melee. [demonic ancestry]
  7863 | D:7      | Reached XP level 9. HP: 39/69 MP: 9/9
  8345 | D:7      | Learned a level 2 spell: Blink
  8415 | D:8      | Noticed Maggie
  8425 | D:8      | Reached skill level 6 in Fighting
  8443 | D:8      | Killed from afar by Maggie

Illustrated notes

Levels and vault maps discovered:
D:1:      wander_arrival_lonely_grave, layout_loops_corners
D:2:      layout_rooms, dreamdust_princess_bridge
D:3:      layout_rooms, gammafunk_ghost_grave
D:4:      layout_loops_corners, serial_library_hellmonk_angled_corner
D:5:      layout_loops_ring, mainiacjoe_overflow_alcove_1, grunt_ministairs_7
D:6:      layout_basic, chequers_temple_overflow_statue_of_worship,
          minmay_misc_feat_pillars
D:7:      layout_basic, temple_fountains, minivault_4, grunt_ministairs_9,
          uniq_maurice
D:8:      layout_loops_ring, mainiacjoe_overflow_catch_the_wave, minivault_23,
          uniq_psyche, uniq_maggie, uniq_grum

Skill      XL: |  1  2  3  4  5  6  7  8  9 |
---------------+----------------------------+-----
Evocations     | 1 2 3 4 |  4.3
Unarmed Combat | 3 4 5 |  5.1
Shapeshifting  | 1 2 3 5 |  5.6
Dodging        | 3 4 5 |  5.3
Fighting       | 5 6 |  6.1

Action                     |  1- 3 |  4- 6 |  7- 9 || total
---------------------------+-------+-------+-------++-------
  Melee: Unarmed           |   135 |   226 |    48 ||   409
         Punch             |       |     1 |    12 ||    13
         Dagger            |       |       |   218 ||   218
 Invoke: Reject Sacrifices |       |       |     1 ||     1
  Evoke: Wand              |       |       |     1 ||     1
    Use: Scroll            |     3 |    11 |     4 ||    18
         Potion            |     1 |     2 |     2 ||     5
   Stab: Sleeping          |       |       |     2 ||     2
 Armour: Robe              |    67 |   127 |   145 ||   339
  Dodge: Dodged            |    99 |   155 |   146 ||   400
  Block: Other             |       |    12 |    53 ||    65
         Reflection        |       |       |     1 ||     1
